 Dungeon Crawl Stone Soup version 0.20.1-1-g8b1a95d (webtiles) character file.

118 BingusPrime the Insei (level 4, -9/35 HPs)
             Began as a Draconian Transmuter on Nov 27, 2017.
             Mangled by a worm (17 damage)
             ... on level 2 of the Dungeon.
             The game lasted 00:09:12 (1035 turns).

BingusPrime the Insei (Draconian Transmuter)        Turns: 1035, Time: 00:09:13

Health: -9/35      AC:  5    Str: 12    XL:     4   Next: 72%
Magic:  4/7        EV: 12    Int: 14    God:
Gold:   27         SH:  0    Dex: 12    Spells: 4/8 levels left

rFire    . . .     SeeInvis .   d - +0 spear
rCold    . . .     Gourm    .   (no shield)
rNeg     . . .     Faith    .   (armour unavailable)
rPois    .         Spirit   .   (helmet restricted)
rElec    .         Reflect  .   (no cloak)
rCorr    .         Harm     .   (no gloves)
MR       .....                  (no boots)
Stlth    ++........             (no amulet)
Regen    0.2/turn               (no ring)
MPRegen  0.1/turn               (no ring)

@: no status effects
A: unfitting armour, cold-blooded, AC +5
a: no special abilities


You were on level 2 of the Dungeon.
You were not hungry.

You visited 1 branch of the dungeon, and saw 2 of its levels.

You collected 27 gold pieces.

Inventory:

Hand Weapons
 d - a +0 spear (weapon)
 e - a +0 club
Missiles
 a - 12 arrows
Scrolls
 f - a scroll of identify {unknown}
 h - a scroll of remove curse {unknown}
 k - a scroll of recharging {unknown}
Books
 b - a book of Changes

   Spells                             Type                      Level
   a - Beastly Appendage              Transmutation                1
   b - Sticks to Snakes               Transmutation                2
   c - Spider Form                    Transmutation/Poison         3
   d - Ice Form                       Ice/Transmutation            4
   e - Blade Hands                    Transmutation                5
Comestibles
 c - a bread ration
 g - a meat ration
 i - a royal jelly


   Skills:
 + Level 1.3 Fighting
 + Level 1.9 Polearms
 + Level 2.2 Dodging
 + Level 1.1 Stealth
 + Level 3.7 Unarmed Combat
 + Level 2.5 Spellcasting
 + Level 2.3 Transmutations
 + Level 0.2 Poison Magic


You had 4 spell levels left.
You knew the following spells:

 Your Spells              Type           Power        Failure   Level  Hunger
a - Beastly Appendage     Tmut           #.....       9%          1    #......
b - Spider Form           Tmut/Pois      #.........   36%         3    ###....


Dungeon Overview and Level Annotations

Branches:
Dungeon (2/15)

Altars:
Trog


Innate Abilities, Weirdness & Mutations

Your plain brown scales are hard. (AC +5)
You cannot fit into any form of body armour.
You are cold-blooded and may be slowed by cold attacks.


Message History

Your transformation is almost over.
The worm bites you!
You hit the worm.
The worm looks as sick as possible!
The worm is severely wounded.
The worm completely misses you.
You hit the worm.
The worm looks as sick as possible!
The worm is almost dead.
The worm completely misses you. The worm bites you!
* * * LOW HITPOINT WARNING * * *
You kill the worm!
You hit the worm but do no damage.
The worm is poisoned.
The worm completely misses you.
You hit the worm.
The worm looks as sick as possible!
The worm is moderately wounded.
The moth of wrath goads the worm on!
The worm goes berserk!
You hit the worm.
The worm looks as sick as possible!
The worm is heavily wounded.
Your transformation has ended.
Your +0 spear unmelds from your body.
The worm bites you!
You die...

#.#####.##
#.# #.#
#.#####
#.....##
#.###..# #.#
##.#
#.####.####
.##...@...##
##.....w...##
#...........#
#....###†...#
#...##y##...#
#....###....#
##.........##
#)..._...)#
##..)..).##


You could see a moth of wrath and a worm (berserk).

Vanquished Creatures
  Natasha (twice) (D:2)
  An adder (D:2)
  A gnoll (D:1)
  An ooze (D:1)
  A worm (D:2)
  A dart slug (D:1)
  2 giant cockroaches (D:1)
  11 goblins
  4 hobgoblins
  A quokka (D:2)
  A ball python (D:1)
  4 bats
  2 frilled lizards (D:1)
  A kobold (D:1)
  8 rats
41 creatures vanquished.

Notes
Turn   | Place    | Note
-------+----------+-------------------------------------------
     0 | D:1      | BingusPrime the Draconian Transmuter began the quest for the Orb.
     0 | D:1      | Reached XP level 1. HP: 16/16 MP: 3/3
   102 | D:1      | Reached XP level 2. HP: 11/23 MP: 3/5
   364 | D:1      | Reached XP level 3. HP: 24/28 MP: 4/6
   377 | D:1      | Learned a level 3 spell: Spider Form
   824 | D:2      | Noticed Natasha
   827 | D:2      | Reached skill level 1 in Polearms
   833 | D:2      | Killed Natasha
   833 | D:2      | Reached skill level 1 in Stealth
   833 | D:2      | Reached XP level 4. HP: 26/35 MP: 1/7
   943 | D:2      | Noticed Natasha
   951 | D:2      | Killed Natasha
  1012 | D:2      | Noticed a moth of wrath
  1015 | D:2      | Found a bloodstained altar of Trog.
  1035 | D:2      | Mangled by a worm

Skill      XL: |  1  2  3 |
---------------+----------+-----
Dodging        | 2 |  2.2
Polearms       | 1 |  1.9
Stealth        | 1 |  1.1
Fighting       | |  1.3
Unarmed Combat | |  3.7
Spellcasting   | |  2.5
Transmutations | |  2.3
Poison Magic   | |  0.2

Action                   |  1- 3 |  4- 6 || total
-------------------------+-------+-------++-------
Melee: Spear             |    87 |     5 ||    92
       Headbutt          |     8 |       ||     8
       Tailslap          |     6 |       ||     6
       Kick              |     5 |       ||     5
       Punch             |     1 |       ||     1
       Unarmed           |    13 |    24 ||    37
 Cast: Beastly Appendage |    13 |     2 ||    15
       Spider Form       |     2 |     2 ||     4
  Use: Potion            |     3 |       ||     3
 Stab: Sleeping          |     3 |     1 ||     4
  Eat: Chunk             |       |     2 ||     2
Armor: Skin              |    18 |     1 ||    19
Dodge: Dodged            |    80 |    16 ||    96
